 Dungeon Crawl Stone Soup version 0.32-a0-612-g1c984fe9d1 (webtiles) character file.

Game seed: 8839973170439032238

746 cforsyth the Reanimator (level 7, -2/73 HPs)
             Began as a Mountain Dwarf Necromancer on Mar 5, 2024.
             Slain by Pikel
             ... wielding a +2 whip of electrocution
              (9 damage)
             ... on level 3 of the Dungeon.
             The game lasted 00:09:33 (5724 turns).

cforsyth the Reanimator (MDNe)                      Turns: 5724, Time: 00:09:33

Health: -2/73      AC: 11    Str: 12 (13) XL:     7   Next: 48%
Magic:  9/9        EV: 11    Int: 16 (18) God:
Gold:   68         SH:  0    Dex: 11 (12) Spells: 4/9 levels left

rFire   . . .        a - +10 dagger "Fagh" {spect, Int+3 Dex+2}
rCold   . . .        (no shield)
rNeg    . . .        o - +0 chain mail
rPois   .            h - +2 helmet
rElec   .            (no cloak)
rCorr   .            (no gloves)
SInv    .            (no boots)
Will    .....        (no amulet) Stlth
                     E - +5 ring of evasion
HPRegen 0.32/turn    (no ring)
MPRegen 0.11/turn

%: no passive effects
@: no status effects
A: runic magic, artefact enchanting
a: no special abilities


You were on level 3 of the Dungeon.
You visited 1 branch of the dungeon, and saw 4 of its levels.
You also visited: Sewer.

You collected 68 gold pieces.


Innate Abilities, Weirdness & Mutations

Your spellcasting is much less encumbered by armour.
You can use scrolls of enchantment on lesser artefacts.


   Skills:
 - Level 10.9 Fighting
 + Level 0.0 Armour
 - Level 1.3 Dodging
 - Level 1.4 Stealth
 - Level 1.7 Spellcasting
 - Level 11.8 Necromancy


You had 4 spell levels left.
You knew the following spells:

 Your Spells              Type           Power      Damage    Failure   Level
a - Animate Dead          Necr           39%        N/A       3%          4
X - Necrotise             Necr           100%       1d9       1%          1

Your spell library contained the following spells:

 Spells                   Type           Power      Damage    Failure   Level
 Vampiric Draining        Necr           39%        2d8       1%          3
 Sandblast                Erth           2%         2d4       43%         1
 Passwall                 Erth           1%         N/A       82%         3
 Stone Arrow              Conj/Erth      2%         3d7       82%         3
 Brom's Barrelling Bould  Conj/Erth      1%         2d3       99%         4
 Curse of Agony           Necr           39%        N/A       11%         5

Inventory:

Hand Weapons
 a - the +10 dagger "Fagh" (weapon) {spect, Int+3 Dex+2}
   (You found it on level 3 of the Dungeon)

   Int+3:     It affects your intelligence (+3).
   Dex+2:     It affects your dexterity (+2).
 c - a +1 whip
Armour
 h - a +2 helmet (worn)
 o - a +0 chain mail (worn)
Jewellery
 E - a +5 ring of evasion (left hand)
Scrolls
 d - 2 scrolls of identify {@r1}
 f - a scroll of silence {unknown}
 g - a scroll of revelation {unknown}
 i - a scroll of enchant weapon
 j - a scroll of butterflies {unknown}
 k - a scroll of poison {unknown}
 l - 2 scrolls of blinking {unknown}
 n - a scroll of brand weapon {unknown}
Potions
 b - a potion of magic
 e - a potion of curing {@q1}
 m - a potion of cancellation {unknown}

Dungeon Overview and Level Annotations

Branches:
Dungeon (4/15)              Sewer (visited)
 Temple: D:4-7

Altars:

Annotations:
D:3 Pikel

#####....######.......###)
#............###.....## #.
#.###..##.##.# ##...## ##
#.# #..##.##.# ##'## #.#
#.รท##.##.# #.#
####.###)....##.# #.#
###............##.# ##.##
#........##.##.##.#
##...##
#~.......##.##@##.#
#.....#####
#~~~~~...##..K{...#
##.........
#~~~~~~..#####.####
##..###### ##+#'~~..#
#.#########.# #~~~#~.~.#
#.......))).# #~.~#~.~.#
############# #~~~#~.~.#
##########


You could see Pikel and a friendly +10 dagger "Fagh" {spect, Int+3 Dex+2}.


Message History

Pikel hits you with a +2 whip of electrocution.
* * * LOW HITPOINT WARNING * * *
You are electrocuted!!
* * * LOW HITPOINT WARNING * * *
You puncture Pikel!
Pikel is almost dead.
Your +10 dagger "Fagh" {spect, Int+3 Dex+2} completely misses Pikel.
Pikel hits you but does no damage.
You are electrocuted!
* * * LOW HITPOINT WARNING * * *
Unknown command.
You barely miss Pikel.
Pikel is almost dead.
Your +10 dagger "Fagh" {spect, Int+3 Dex+2} closely misses Pikel.
Pikel waves his whip at you. Pikel hits you but does no damage.
Unknown command.
Unknown command.
You barely miss Pikel.
Pikel is almost dead.
Your +10 dagger "Fagh" {spect, Int+3 Dex+2} hits Pikel.
Pikel barely misses you.
Unknown command.
You closely miss Pikel.
Pikel is almost dead.
Your +10 dagger "Fagh" {spect, Int+3 Dex+2} hits Pikel.
Pikel hits you but does no damage.
You are electrocuted!
You die...
Pikel says, "See you in Hell!"

Skill      XL: |  1  2  3  4  5  6 |
---------------+-------------------+-----
Fighting       | 1 2 3 4 10 | 10.9
Necromancy     | 5 6 11 | 11.8
Dodging        | |  1.3
Stealth        | |  1.4
Spellcasting   | |  1.7

Action                     |  1- 3 |  4- 6 |  7- 9 || total
---------------------------+-------+-------+-------++-------
  Melee: Whip              |    35 |    69 |     8 ||   112
         Unarmed           |     4 |       |       ||     4
         Dagger            |       |       |    28 ||    28
   Cast: Necrotise         |    64 |    92 |    23 ||   179
    Use: Scroll            |       |     4 |       ||     4
         Potion            |       |     1 |     3 ||     4
   Stab: Distracted        |       |       |     1 ||     1
 Armour: Robe              |    34 |    79 |    13 ||   126
         Chain mail        |       |       |    31 ||    31
  Dodge: Dodged            |    42 |    98 |    37 ||   177

Levels and vault maps discovered:
D:1:      dpeg_arrival_rhombi, layout_basic, hellmonk_ecumenical_altar_zigzags,
          serial_glass, glass_columns_a, glass_columns_a, minivault_14
D:2:      layout_basic, grunt_ministairs_10, minmay_misc_feat_cross,
          minmay_ruptured, uniq_jessica, uniq_robin
D:3:      layout_loops_corners, portal_sewer_entry_e
D:4:      layout_layer_cave, tgw_trog, minmay_temple_entry_arrows, uniq_pikel,
          uniq_edmund

Notes
Turn   | Place    | Note
-------+----------+-------------------------------------------
     0 | D:1      | cforsyth the Mountain Dwarf Necromancer began the quest for
                  | the Orb.
     0 | D:1      | Reached XP level 1. HP: 14/14 MP: 3/3
   152 | D:1      | Reached skill level 1 in Fighting
   191 | D:1      | Reached XP level 2. HP: 23/23 MP: 2/4
   477 | D:1      | Found a faded altar of an unknown god.
   518 | D:1      | Reached skill level 2 in Fighting
   549 | D:1      | Reached XP level 3. HP: 29/29 MP: 3/5
   583 | D:1      | Reached skill level 5 in Necromancy
  1391 | D:2      | Reached XP level 4. HP: 37/37 MP: 2/6
  1408 | D:2      | Reached skill level 3 in Fighting
  1505 | D:2      | Noticed Jessica
  1512 | D:2      | Killed Jessica
  1661 | D:2      | Noticed Robin
  1717 | D:2      | Killed Robin
  1974 | D:2      | Reached XP level 5. HP: 38/45 MP: 7/7
  2494 | D:3      | Reached skill level 6 in Necromancy
  2649 | D:3      | Reached skill level 4 in Fighting
  2714 | D:3      | Found a glowing drain.
  2724 | Sewer    | Entered a sewer
  3306 | Sewer    | Reached XP level 6. HP: 53/53 MP: 3/8
  3796 | Sewer    | Identified a potion of experience
  3796 | Sewer    | Reached skill level 10 in Fighting
  3796 | Sewer    | Reached skill level 11 in Necromancy
  3796 | Sewer    | Reached XP level 7. HP: 35/73 MP: 1/9
  4515 | D:3      | Identified the +10 dagger "Fagh" {spect, Int+3 Dex+2}
  5238 | D:2      | Learned a level 4 spell: Animate Dead
  5412 | D:4      | Noticed Pikel
  5721 | D:3      | HP: 6/73 [Pikel/+2 whip of electrocution (11)]
  5724 | D:3      | Slain by Pikel

Vanquished Creatures
  3 lemures (D:3)
  2 bullfrogs (Sewer)
  Jessica (D:2)
  Robin (D:2)
  11 adders
  3 river rats
  3 dart slugs (D:1)
  2 ribbon worms (D:3)
  3 orcs (D:3)
  5 bats
  5 endoplasms
  6 giant cockroaches
  12 goblins
  10 hobgoblins
  9 kobolds
  4 quokkas
  17 ball pythons
  6 frilled lizards
  18 rats
121 creatures vanquished.

Vanquished Creatures (collateral kills)
  An adder (Sewer)
  A ball python (Sewer)
  An endoplasm (D:1)
  A quokka (D:1)
  A bat (D:2)
  2 frilled lizards (Sewer)
  4 rats
11 creatures vanquished.

Grand Total: 132 creatures vanquished

Table legend: (Time is in decaauts)
 A = Elapsed time spent in this place.
 B = Non-inter-level travel time spent in this place.
 C = Inter-level travel time spent in this place.
 D = Time resting spent in this place.
 E = Time spent auto-exploring this place.
 F = Levels seen in this place.
 G = Mean time per level.
                   A        B        C        D        E       F      G
               +--------+--------+--------+--------+--------+-----+--------+
         Total |   5776 |   5545 |    231 |   1572 |   2724 |   5 | 1155.2 |
       Dungeon |   4113 |   3882 |    231 |    375 |   2501 |   4 | 1028.2 |
         Sewer |   1663 |   1663 |      0 |   1197 |    222 |   1 | 1663.0 |
               +--------+--------+--------+--------+--------+-----+--------+

Top non-repeatable levels by time:
   Sewer: 1663 daAuts
     D:3: 1568 daAuts
     D:2: 1541 daAuts
     D:1: 916 daAuts
     D:4: 85 daAuts

Table legend:
 A = Non-vault XP
 B = Vault XP
 C = Vault XP percentage of total XP
 D = Non-vault monster count
 E = Vault monster count
 F = Vault count percentage of total count
                 A         B        C        D         E       F
            +---------+---------+-------+---------+---------+-------
      Total |     182 |     438 |  70.6 |      66 |      63 |  48.8
            +---------+---------+-------+---------+---------+-------
        D:1 |      49 |       0 |   0.0 |      24 |       0 |   0.0
        D:2 |      75 |     107 |  58.8 |      18 |      19 |  51.4
        D:3 |      58 |      48 |  45.3 |      24 |       8 |  25.0
      Sewer |       0 |     283 | 100.0 |       0 |      36 | 100.0
            +---------+---------+-------+---------+---------+-------
